 Dungeon Crawl Stone Soup version 0.25-a0-860-gf695395 (webtiles) character file.

Game seed: 12865300689169770840, levelgen mode: deterministic

16427 Faca the Fighter (level 12, -17/115 HPs)
             Began as a Green Draconian Gladiator on Apr 27, 2020.
             Was a High Priest of Okawaru.
             Shot with a bolt by a yaktaur (23 damage)
             ... on level 11 of the Dungeon.
             The game lasted 00:26:44 (12727 turns).

Faca the Fighter (Green Draconian Gladiator)       Turns: 12727, Time: 00:26:45

Health: -17/115    AC: 15    Str: 20    XL:     12   Next: 10%
Magic:  13/13      EV: 14    Int:  9    God:    Okawaru [*****.]
Gold:   695        SH: 13    Dex: 14    Spells: 11/11 levels left

rFire    . . .     SeeInvis .   B - +1 flail (drain)
rCold    + + .     Gourm    .   G - +2 kite shield {AC+3}
rNeg     . . .     Faith    .   (armour unavailable)
rPois    +         Spirit   .   b - +1 hat
rElec    .         Reflect  .   (no cloak)
rCorr    .         Harm     .   (no gloves)
MR       .....                  g - +2 pair of boots
Stlth    +.........             o - amulet of the acrobat
HPRegen  0.29/turn              M - ring of protection from cold
MPRegen  0.13/turn              C - ring of protection from cold

@: hasted and slowed, studying Ice Magic
A: breathe noxious fumes, unfitting armour, poison resistance, cold-blooded, AC
+8
a: Breathe Noxious Fumes, Heroism, Finesse, Renounce Religion


You were on level 11 of the Dungeon.
You worshipped Okawaru.
Okawaru was extremely pleased with you.
You were not hungry.

You visited 2 branches of the dungeon, and saw 12 of its levels.
You also visited: Ice Cave.

You collected 731 gold pieces.
You spent 36 gold pieces at shops.

Inventory:

Hand Weapons
 t - a +0 morningstar
 B - a +1 flail of draining (weapon)
 L - the +2 eveningstar of Geytuydgh {freeze, rElec rF- Int+2}
   (Okawaru gifted it to you on level 10 of the Dungeon)

   It has been specially enchanted to freeze those struck by it, causing extra
   injury to most foes and up to half again as much damage against particularly
   susceptible opponents.
   It can also slow down cold-blooded creatures.
   It affects your intelligence (+2).
   It makes you vulnerable to fire.
   It insulates you from electricity.
Missiles
 c - 3 throwing nets
 H - 17 boomerangs (quivered)
 I - 4 silver javelins
 K - 3 javelins
Armour
 b - a +1 hat (worn)
 g - a +2 pair of boots (worn)
 G - a +2 kite shield of protection (worn)
Jewellery
 k - an uncursed ring of fire
 o - an amulet of the acrobat (around neck)
 z - an uncursed amulet of the gourmand {unknown}
 C - a ring of protection from cold (right hand)
 M - a ring of protection from cold (left hand)
Wands
 i - a wand of flame (70)
 y - a wand of iceblast (36)
 E - a wand of acid (12)
 F - a wand of disintegration (15)
Scrolls
 f - 7 scrolls of remove curse
 j - 4 scrolls of teleportation
 l - 3 scrolls of enchant armour
 r - 2 scrolls of magic mapping
 s - 3 scrolls of immolation
 x - 2 scrolls of enchant weapon
 D - a scroll of fog
Potions
 e - 3 potions of haste
 h - 5 potions of curing
 m - 3 potions of berserk rage
 n - a potion of invisibility {unknown}
 p - 2 potions of mutation {unknown}
 q - a potion of might
 u - 3 potions of flight
 v - 3 potions of lignification {unknown}
 A - a potion of ambrosia {unknown}
 J - a potion of magic {unknown}
Books
 O - a manual of Ice Magic
 P - a manual of Ice Magic
Comestibles
 d - 22 rations


   Skills:
 + Level 13.1 Fighting
 + Level 12.3 Maces & Flails
 - Level 1.7 Throwing
 + Level 6.9 Dodging
 + Level 6.8 Shields
 + Level 2.2 Invocations


You had 11 spell levels left.
You didn't know any spells.
Your spell library contained the following spells:

 Spells                   Type           Power        Failure   Level  Hunger
 Corona                   Hex            #......      75%         1    ##.....
 Freeze                   Ice            #...         75%         1    ##.....
 Magic Dart               Conj           #...         75%         1    ##.....
 Shock                    Conj/Air       #...         75%         1    ##.....
 Sting                    Tmut/Pois      #...         75%         1    ##.....
 Blink                    Tloc           N/A          86%         2    ###....
 Call Imp                 Summ           #.......     86%         2    ###....
 Ensorcelled Hibernation  Hex/Ice        #.....       86%         2    ###....
 Poisonous Vapours        Pois/Air       #.....       86%         2    ###....
 Searing Ray              Conj           #.....       86%         2    ###....
 Slow                     Hex            #.......     86%         2    ###....
 Swiftness                Chrm/Air       #.......     86%         2    ###....
 Confusing Touch          Hex            #.......     98%         3    ####...
 Conjure Flame            Conj/Fire      #.......     98%         3    ####...
 Dazzling Flash           Conj/Hex       #.....       98%         3    ####...
 Frozen Ramparts          Ice            #.....       98%         3    ####...
 Ignite Poison            Fire/Tmut/Pois #.......     98%         3    ####...
 Mephitic Cloud           Conj/Pois/Air  #.......     98%         3    ####...
 Ozocubu's Armour         Chrm/Ice       #.......     98%         3    ####...
 Static Discharge         Conj/Air       #.......     98%         3    ####...
 Tukima's Dance           Hex            #.......     98%         3    ####...
 Airstrike                Air            #.........   100%        4    #####..
 Fulminant Prism          Conj/Hex       #.........   100%        4    #####..
 Hailstorm                Conj/Ice       #.......     100%        4    #####..
 Iskenderun's Mystic Bla  Conj/Tloc      #.......     100%        4    #####..
 Olgreb's Toxic Radiance  Pois           #.......     100%        4    #####..
 Summon Ice Beast         Ice/Summ       #.......     100%        4    #####..
 Lightning Bolt           Conj/Air       #.........   100%        5    ######.


Dungeon Overview and Level Annotations

Branches:
Dungeon (11/15)            Temple (1/1) D:4            Lair (0/6) D:9
  IceCv (visited)
    Orc: D:9-12

Altars:
Ashenzari
Cheibriados
Dithmenos
Elyvilon
Gozag
Hepliaklqana
Nemelex Xobeh
Okawaru
Qazlal
Sif Muna
Uskayaw
Vehumet
Wu Jian
Xom
Yredelemnul
Zin
The Shining One

Shops:
D:5 *   D:6 (}}


Innate Abilities, Weirdness & Mutations

You can breathe blasts of noxious fumes.
Your lurid green scales are hard. (AC +8)
You cannot fit into any form of body armour.
Your system is resistant to poisons. (rPois)
You are cold-blooded and may be slowed by cold attacks.


Message History

The yaktaur hits you!
* * * LOW HITPOINT WARNING * * *
The killer bee misses you. x2
The killer bee stings you but does no damage. x2
The yaktaur completely misses you.
You hear an angry hiss.
You hear a shout! x2; You hear a bellow! x2
As you read the scroll of fear, it crumbles to dust.
You assume a fearsome visage.
The yaktaur looks frightened!
The gnoll looks frightened!
The killer bee looks frightened! x4
The howler monkey looks frightened!
The gnoll looks scared stiff.
The gnoll hums to itself desperately, trying to keep calm.
Okay, then.
A gnoll comes into view. It is wielding a +0 spear of venom.
The gnoll shouts!
A yaktaur comes into view.
A gnoll comes into view. It is wielding a +0 spear.
You feel yourself speed up.
The yaktaur wields a +0 arbalest.
The yaktaur shoots a bolt.
The bolt hits you!!
You die...

** #....# #..... ,* #....# #..>..
,*******##########....# #.....
,,,,,.................######.....
,,,,..........................<##
,,,,...........................#.
,,,,...........................#.
,,,,.....................(.....#.
,,,,,...........@..g...........##
,,,,,........)....#########......
,,,*#+####..(.....# ####...
,,,*...h..........# #...
,,,*............### #...
,,,+.....#......# #..†
,,,*.....'......# #.††
,,,*.....'.g...c#**** ####
,,,*.....#.....c..,,*


You could see a yaktaur and 2 gnolls.

Vanquished Creatures
  2 two-headed ogres
  A necromancer (IceCv)
  An ugly thing (D:11)
  An ice statue (IceCv)
  Maggie (D:7)
  10 freezing wraiths (IceCv)
  A troll (D:10)
  3 hippogriffs (D:10)
  Sigmund (D:2)
  2 wraiths
  18 yaks
  2 hungry ghosts (D:7)
  A death yak simulacrum (IceCv)
  Menkaure (D:4)
  Edmund (D:5)
  Duvessa (D:7)
  2 porcupines (D:9)
  15 ice beasts
  4 orc warriors
  3 sky beasts
  5 ogres
  4 centaurs
  A big kobold (D:10)
  3 bullfrogs
  A gnoll sergeant (D:7)
  Dowan (D:7)
  A water moccasin zombie (D:11)
  A wyvern skeleton (D:11)
  A water moccasin skeleton (D:7)
  6 scorpions
  12 killer bees
  4 howler monkeys
  2 crimson imps
  4 bullfrog zombies
  3 centaur zombies
  3 draconian simulacra (IceCv)
  2 quasits
  9 orc wizards
  3 jellies (D:10)
  7 orc priests
  4 hounds
  A bullfrog skeleton (D:3)
  A gnoll shaman (D:9)
  Jessica (D:3)
  4 iguanas
  3 spriggan simulacra (IceCv)
  6 worker ants
  4 troll simulacra (IceCv)
  A wolf simulacrum (IceCv)
  2 polar bear simulacra (IceCv)
  3 centaur simulacra (IceCv)
  2 hound skeletons
  2 worker ant zombies
  13 gnolls
  3 naga simulacra (IceCv)
  4 ogre simulacra (IceCv)
  10 adders
  2 shadow imps
  12 white imps (IceCv)
  3 oozes
  2 adder zombies
  An adder skeleton (D:8)
  3 worms
  3 dart slugs
  6 leopard geckos
  42 orcs
  A ball python (D:4)
  5 bats
  3 giant cockroaches
  15 hobgoblins
  16 jackals
  20 kobolds
  5 quokkas
  7 frilled lizards
  7 goblins
  A quokka skeleton (D:4)
  9 rats
371 creatures vanquished.

Notes
Turn   | Place    | Note
-------+----------+-------------------------------------------
     0 | D:1      | Faca the Draconian Gladiator began the quest for the Orb.
     0 | D:1      | Reached XP level 1. HP: 17/17 MP: 1/1
   171 | D:1      | Reached XP level 2. HP: 24/25 MP: 2/2
   369 | D:1      | Reached skill level 3 in Fighting
   699 | D:2      | Reached XP level 3. HP: 19/31 MP: 3/3
  1090 | D:2      | Reached XP level 4. HP: 40/40 MP: 4/4
  1124 | D:2      | Noticed Sigmund
  1361 | D:2      | Killed Sigmund
  1361 | D:2      | Reached skill level 4 in Fighting
  1361 | D:2      | Reached skill level 5 in Maces & Flails
  1361 | D:2      | Reached XP level 5. HP: 47/47 MP: 5/5
  1635 | D:3      | Reached skill level 5 in Fighting
  1693 | D:3      | Noticed Jessica
  1702 | D:3      | Killed Jessica
  1702 | D:3      | Reached XP level 6. HP: 55/56 MP: 6/6
  1914 | D:3      | Found a basalt altar of Yredelemnul.
  2051 | D:3      | Found a hide-covered altar of Uskayaw.
  2053 | D:3      | Found a shattered altar of Ashenzari.
  2375 | D:4      | Reached skill level 6 in Fighting
  2375 | D:4      | Your scales start taking on a lurid green colour.
  2375 | D:4      | Reached XP level 7. HP: 19/63 MP: 7/7
  2375 | D:4      | Gained mutation: Your system is resistant to poisons.
                  | (rPois) [Green Draconian growth]
  2625 | D:4      | Noticed Menkaure
  2635 | D:4      | Killed Menkaure
  2771 | D:4      | Found a staircase to the Ecumenical Temple.
  2781 | Temple   | Entered the Ecumenical Temple
  2789 | Temple   | Became a worshipper of Warmaster Okawaru
  3681 | D:5      | Entered Level 5 of the Dungeon
  3716 | D:5      | Reached skill level 7 in Fighting
  3768 | D:5      | Reached XP level 8. HP: 51/73 MP: 8/8
  3928 | D:5      | Found Puer's General Store.
  3933 | D:5      | Bought a potion of curing for 36 gold pieces
  3947 | D:5      | Noticed Edmund
  3961 | D:5      | Reached * piety under Okawaru
  3965 | D:5      | Killed Edmund
  3965 | D:5      | Reached skill level 8 in Fighting
  4254 | D:5      | Found an opulent altar of Gozag.
  4254 | D:5      | Found a faded altar of an unknown god.
  4259 | D:5      | Found a sparkling altar of Nemelex Xobeh.
  4261 | D:5      | Found a faded altar of an unknown god.
  4263 | D:5      | Found a snail-covered altar of Cheibriados.
  4428 | D:6      | Found Fyckyps's Gadget Emporium.
  4744 | D:6      | Reached skill level 9 in Fighting
  4767 | D:6      | Reached ** piety under Okawaru
  4773 | D:6      | Reached XP level 9. HP: 32/83 MP: 9/9
  5145 | D:6      | Found Loky's Gadget Emporium.
  5267 | D:6      | Found an ornate altar of the Wu Jian Council.
  5277 | D:6      | Found a shimmering altar of Xom.
  5282 | D:6      | Found a radiant altar of Vehumet.
  5352 | D:6      | Found Moar's Weapon Shoppe.
  5848 | D:7      | Found a shadowy altar of Dithmenos.
  5877 | D:7      | Reached skill level 10 in Fighting
  6270 | D:7      | Noticed Dowan
  6272 | D:7      | Noticed Duvessa
  6275 | D:7      | Found a glowing silver altar of Zin.
  6298 | D:7      | Reached *** piety under Okawaru
  6306 | D:7      | Reached skill level 10 in Maces & Flails
  6309 | D:7      | Killed Duvessa
  6311 | D:7      | Killed Dowan
  6355 | D:7      | Noticed Maggie
  6378 | D:7      | Killed Maggie
  6378 | D:7      | Reached skill level 11 in Fighting
  6818 | D:8      | Reached **** piety under Okawaru
  6865 | D:8      | Reached XP level 10. HP: 87/95 MP: 10/10
  7142 | D:8      | Reached skill level 1 in Shields
  7361 | D:8      | Noticed a two-headed ogre
  7372 | D:8      | Killed a two-headed ogre
  7467 | D:9      | Noticed a two-headed ogre
  7493 | D:9      | Killed a two-headed ogre
  7574 | D:9      | Received a gift from Okawaru
  7749 | D:9      | Reached ***** piety under Okawaru
  8017 | D:9      | Found a staircase to the Lair.
  8022 | D:9      | Reached skill level 12 in Fighting
  8089 | D:9      | Received a gift from Okawaru
  8095 | D:9      | Reached skill level 5 in Dodging
  8095 | D:9      | Reached XP level 11. HP: 98/104 MP: 11/11
  8121 | D:9      | Found a hazy altar of Hepliaklqana.
  8439 | D:9      | Found a stormy altar of Qazlal.
  8508 | D:10     | Entered Level 10 of the Dungeon
  8803 | D:10     | Received a gift from Okawaru
  8811 | D:10     | Got a crude eveningstar {god gift}
  8834 | D:10     | Identified the +2 eveningstar of Geytuydgh {freeze, rElec
                  | rF- Int+2} (Okawaru gifted it to you on level 10 of the
                  | Dungeon)
  8893 | D:10     | Reached skill level 5 in Shields
  9515 | D:11     | Noticed a green ugly thing
  9542 | D:11     | Killed a green ugly thing
  9682 | D:11     | Found a frozen archway.
  9857 | IceCv    | Entered an ice cave
 10145 | IceCv    | Received a gift from Okawaru
 11392 | IceCv    | Noticed a necromancer
 11394 | IceCv    | Reached skill level 13 in Fighting
 11410 | IceCv    | Reached skill level 1 in Invocations
 11855 | IceCv    | Found an ancient bone altar of Kikubaaqudgha.
 11876 | IceCv    | Reached XP level 12. HP: 71/115 MP: 11/13
 12722 | D:11     | HP: 4/115 [yaktaur (10)]
 12727 | D:11     | Shot with a bolt by a yaktaur

Levels and vault maps discovered:
D:1:      dpeg_arrival_radiant, layout_basic
D:2:      layout_loops_cross, uniq_sigmund
D:3:      layout_basic, chequers_temple_overflow_statue_of_worship,
          marbit_many_paths, grunt_decor_arrowhead, uniq_jessica
D:4:      corexii_shantytown, layout_basic, minmay_temple_entry_gardened_gates,
          serial_bayou_pond_d, st_stairs_6, uniq_menkaure
D:5:      layout_basic, chequers_temple_overflow_minitemple, serial_shops,
          kennysheep_little_box, first_ration, uniq_edmund
D:6:      layout_loops_corners, minmay_overflow_temple_star_quad, serial_shops,
          shop, shop, shop, minmay_between
D:7:      layout_basic, lemuel_doored_altar, zin_academy, uniq_maggie,
          uniq_duvessa
D:8:      layout_loops_ring
D:9:      layout_basic, nicolae_qazlal_eye_of_the_storm,
          overflow_temple_1_default, grunt_lair_entry_orc_guard_hut
D:10:     layout_loops_ring
D:11:     fort_yaktaur, layout_irregular_city, portal_ice_cave_entry_ice_beasts,
          the_bakery, laboratory, uniq_urug
Temple:   compressed_dpeg_triangle_lava_temple

Skill      XL: |  1  2  3  4  5  6  7  8  9 10 11 12 |
---------------+-------------------------------------+-----
Fighting       | 3 4 5 6 7 9 11 12 13 | 13.1
Maces & Flails | 4 5 6 7 8 10 11 12 | 12.3
Shields        | 4 6 |  6.8
Dodging        | 5 6 |  6.9
Invocations    | 1 2 |  2.2
Throwing       | |  1.7

Action                   |  1- 3 |  4- 6 |  7- 9 | 10-12 || total
-------------------------+-------+-------+-------+-------++-------
Melee: Flail             |   101 |   154 |   386 |   796 ||  1437
       Tailslap          |    13 |    15 |    56 |   145 ||   229
Throw: Throwing net      |       |     2 |     2 |       ||     4
       Boomerang         |       |       |       |    35 ||    35
Invok: Heroism           |       |       |       |    10 ||    10
 Abil: Breathe Noxious F |       |       |    14 |     8 ||    22
  Use: Scroll            |     7 |     4 |     6 |     3 ||    20
       Potion            |       |     1 |     1 |     5 ||     7
 Stab: Sleeping          |       |     1 |     8 |     6 ||    15
       Confused          |       |       |    14 |     8 ||    22
       Held in net/web   |       |       |     1 |       ||     1
  Eat: Chunk             |     1 |     4 |    21 |    12 ||    38
       Ration            |       |       |       |     3 ||     3
Armor: Skin              |    37 |    74 |    86 |   267 ||   464
Dodge: Dodged            |    81 |   112 |   227 |   451 ||   871
Block: Buckler           |       |       |    12 |       ||    12
       Kite shield       |       |       |     5 |   567 ||   572

Table legend:
 A = Non-vault XP
 B = Vault XP
 C = Vault XP percentage of total XP
 D = Non-vault monster count
 E = Vault monster count
 F = Vault count percentage of total count
                 A         B        C        D         E       F
            +---------+---------+-------+---------+---------+-------
      Total |   14177 |    9291 |  39.6 |     265 |     106 |  28.6
            +---------+---------+-------+---------+---------+-------
        D:1 |      38 |       0 |   0.0 |      24 |       0 |   0.0
        D:2 |      70 |     223 |  76.1 |      14 |       1 |   6.7
        D:3 |     217 |      40 |  15.6 |      36 |       2 |   5.3
        D:4 |     286 |     271 |  48.7 |      10 |      29 |  74.4
        D:5 |     559 |     158 |  22.0 |       9 |       1 |  10.0
        D:6 |    1154 |     105 |   8.3 |      28 |       3 |   9.7
        D:7 |    1658 |     594 |  26.4 |      46 |       3 |   6.1
        D:8 |    1468 |       0 |   0.0 |      20 |       0 |   0.0
        D:9 |    3876 |     512 |  11.7 |      30 |       4 |  11.8
       D:10 |    3438 |       0 |   0.0 |      35 |       0 |   0.0
       D:11 |    1413 |    1054 |  42.7 |      13 |       9 |  40.9
      IceCv |       0 |    6334 | 100.0 |       0 |      54 | 100.0
            +---------+---------+-------+---------+---------+-------
